 1011 Aisha the Spear-Bearer (level 8, -2/62 HPs)
             Began as a Merfolk Chaos Knight on Sept 29, 2019.
             Was a Plaything of Xom.
             Slain by a yaktaur (shapeshifter)
             ... wielding a +0 club
              (10 damage)
             ... on level 5 of the Dungeon.
             The game lasted 00:10:46 (5322 turns).

Aisha the Spear-Bearer (Merfolk Chaos Knight)       Turns: 5322, Time: 00:10:47

Health: -2/62      AC: 12    Str: 10 (13) XL:     8   Next: 21%
Magic:  8/8        EV:  4    Int: 14      God:    Xom [....*.]
Gold:   282        SH:  0    Dex: 14      Spells: 7/7 levels left

rFire    . . .     SeeInvis +   a - +0 spear (chaos)
rCold    . . .     Gourm    .   (no shield)
rNeg     . . .     Faith    +   q - +0 plate armour
rPois    .         Spirit   .   (no helmet)
rElec    .         Reflect  .   (no cloak)
rCorr    .         Harm     .   (no gloves)
MR       ++...                  (no boots)
Stlth    ..........             T - amulet of faith {!P}
HPRegen  0.20/turn              M - ring of protection from magic
MPRegen  0.11/turn              y - ring of protection from magic

@: cleaving, lightly drained
A: change form in water, swift swim, stealthy swim, repulsion field 1,
iridescent scales 1, see invisible, clever 1, deterioration 1, high mp 1,
evolution 1, subdued magic 1
a: Renounce Religion


Innate Abilities, Weirdness & Mutations

You revert to your normal form in water You are very nimble and swift while swimming.
You are very stealthy in the water. (Stealth+)
You are surrounded by a mild repulsion field. (EV +2)
You are partially covered in iridescent scales. (AC +2)
You have supernaturally acute eyesight. (SInv)
Your mind is acute. (Int +2)
Your body sometimes deteriorates upon taking damage.
You have an increased reservoir of magic. (+10% MP)
You evolve.
Your spells are a little easier to cast, but a little less powerful.


   Skills:
 * Level 5.1(4.9) Fighting
 - Level 12.0(11.8) Polearms
 - Level 0.6(0.4) Armour
 + Level 4.2(4.0) Dodging


You had 7 spell levels left.
You didn't know any spells.
Your spell library was empty.

Inventory:

Hand Weapons
 a - a +0 spear of chaos (weapon)
Armour
 b - a +2 leather armour
 q - a +0 plate armour (worn)
 r - a +0 cloak
 w - a +1 helmet
 B - a +0 pair of boots
 C - a +0 pair of gloves
Jewellery
 y - a ring of protection from magic (right hand)
 M - a ring of protection from magic (left hand)
 T - an amulet of faith (around neck) {!P}
Wands
 n - a wand of paralysis (4)
Scrolls
 e - 2 scrolls of fog {unknown}
 f - a scroll of amnesia {unknown}
 k - a scroll of remove curse {unknown}
 p - a scroll of noise {unknown}
 s - 3 scrolls of enchant armour {unknown}
 u - a scroll of fear {unknown}
 v - 4 scrolls of teleportation {@r4}
 x - 2 scrolls of random uselessness {unknown}
Potions
 g - 4 potions of agility
 h - a potion of berserk rage {unknown}
 j - a potion of degeneration {!q}
 m - a potion of lignification {unknown}
 o - 6 potions of flight
 t - a potion of heal wounds {unknown}
 z - a potion of mutation {unknown}
 A - a potion of haste {unknown}
 D - a potion of brilliance {unknown}
Comestibles
 c - 6 rations {@e1}


Message History

You hit the yaktaur. You burn the yaktaur.
The yaktaur is severely wounded.
Xom grants you a minor favour.
Your +0 spear of chaos looks sharp.
You kill the orc!
The yaktaur hits you with a +0 club!
* * * LOW HITPOINT WARNING * * *
You hit the yaktaur.
The yaktaur seems to speed up.
The yaktaur is severely wounded.
The yaktaur hits you with a +0 club!
* * * LOW HITPOINT WARNING * * *
The orc hits you from afar with a +0 trident.
* * * LOW HITPOINT WARNING * * *
Unknown command.
Evoke which item? (* to show all) (? for menu, Esc to quit)
Okay, then.
You feel better. The yaktaur hits you with a +0 club!
* * * LOW HITPOINT WARNING * * *
Your body deteriorates!
You feel weakened.
Unknown command.
You feel better. The yaktaur barely misses you.
The orc hits you but does no damage.
Unknown command.
Evoke which item? (* to show all) (? for menu, Esc to quit)
Aiming: Paralyse
Press: ? - help, Shift-Dir - straight line, f - yaktaur
Aim: a yaktaur shaped shifter, wielding a +0 club (severely wounded, fast, chance to defeat MR: 28%)
The yaktaur easily resists.
The yaktaur hits you with a +0 club!
You die...
Xom cackles wildly!

Skill      XL: |  1  2  3  4  5  6  7  8 |
---------------+-------------------------+-----
Polearms       | 5 6 8 9 11 12 | 12.0
Dodging        | 3 4 |  4.2
Fighting       | 4 5 |  5.1
Armour         | |  0.6

Action                   |  1- 3 |  4- 6 |  7- 9 || total
-------------------------+-------+-------+-------++-------
Melee: Spear             |   125 |   276 |   266 ||   667
       Tailslap          |       |       |    16 ||    16
Evoke: Wand              |       |       |     1 ||     1
  Use: Scroll            |       |       |     5 ||     5
       Potion            |       |       |     2 ||     2
 Stab: Sleeping          |     1 |     1 |       ||     2
       Paralysed         |       |     3 |     3 ||     6
       Petrified         |       |       |     6 ||     6
       Confused          |       |       |     3 ||     3
       Petrifying        |       |       |     2 ||     2
       Distracted        |       |       |     1 ||     1
  Eat: Chunk             |     1 |     7 |     6 ||    14
Armor: Leather armour    |    14 |     2 |       ||    16
       Plate armour      |       |   109 |    92 ||   201
Dodge: Dodged            |    46 |    33 |    23 ||   102

Notes
Turn   | Place    | Note
-------+----------+-------------------------------------------
     0 | D:1      | Aisha the Merfolk Chaos Knight began the quest for the Orb.
     0 | D:1      | Reached XP level 1. HP: 18/18 MP: 1/1
    27 | D:1      | Reached skill level 5 in Polearms
    27 | D:1      | Reached XP level 2. HP: 16/24 MP: 2/2
   106 | D:1      | XOM: potion effect (curing)
   191 | D:1      | XOM: harmless Conj miscast
   240 | D:1      | Reached skill level 6 in Polearms
   240 | D:1      | Reached XP level 3. HP: 29/29 MP: 3/3
   244 | D:1      | XOM: harmless Tmut miscast
   370 | D:1      | XOM: divination: detect creatures
   383 | D:1      | XOM: divination: detect creatures
   527 | D:1      | XOM: silly message
   699 | D:2      | Found a sparkling altar of Nemelex Xobeh.
   740 | D:2      | Found a glowing golden altar of the Shining One.
   805 | D:2      | Found a snail-covered altar of Cheibriados.
   952 | D:2      | Found a hide-covered altar of Uskayaw.
  1042 | D:2      | XOM: potion effect (agility)
  1046 | D:2      | Reached XP level 4. HP: 35/35 MP: 4/4
  1054 | D:2      | Reached skill level 7 in Polearms
  1175 | D:2      | XOM: harmless Pois miscast
  1915 | D:3      | XOM: mild Pois miscast
  1936 | D:3      | Reached skill level 8 in Polearms
  1936 | D:3      | Reached XP level 5. HP: 23/41 MP: 5/5
  2606 | D:2      | Found a deep blue altar of Sif Muna.
  2717 | D:3      | Noticed a sky beast
  2717 | D:3      | a worm changed into a sky beast
  2740 | D:3      | a sky beast changed into a howler monkey
  2751 | D:3      | Reached skill level 9 in Polearms
  2798 | D:3      | XOM: medium Air miscast
  2819 | D:3      | Noticed Robin
  2838 | D:3      | Killed Robin
  2848 | D:3      | XOM: blink monster(s)
  2955 | D:3      | XOM: mild Fire miscast
  2978 | D:3      | XOM: draining
  3098 | D:3      | XOM: god gift: 3 silver javelins
  3255 | D:4      | Reached XP level 6. HP: 39/47 MP: 6/6
  3298 | D:4      | Found an iron altar of Okawaru.
  3308 | D:4      | Reached skill level 10 in Polearms
  3346 | D:4      | XOM: summons friendly iron imp
  3480 | D:4      | Reached skill level 11 in Polearms
  3480 | D:4      | Reached XP level 7. HP: 37/52 MP: 7/7
  3499 | D:4      | XOM: give mutation
  3499 | D:4      | Gained mutation: You have an increased reservoir of magic.
                  | (+10% MP) [Xom's grace]
  3743 | D:4      | XOM: summons 5 friendly demons
  3757 | D:4      | XOM: give mutations
  3757 | D:4      | Gained mutation: Your mind is acute. (Int +2) [Xom's grace]
  3757 | D:4      | Gained mutation: You are surrounded by a mild repulsion
                  | field. (EV +2) [Xom's grace]
  3757 | D:4      | Gained mutation: You evolve. [Xom's grace]
  3757 | D:4      | Gained mutation: You have supernaturally acute eyesight.
                  | (SInv) [Xom's grace]
  3813 | D:4      | Found a glowing drain.
  3818 | Sewer    | Entered a sewer
  3992 | Sewer    | XOM: give mutation
  3992 | Sewer    | Gained mutation: You are partially covered in iridescent
                  | scales. (AC +2) [Xom's grace]
  4566 | D:4      | XOM: scenery: create altars
  4574 | D:4      | Reached skill level 12 in Polearms
  4611 | D:4      | XOM: give mutations
  4611 | D:4      | Gained mutation: Your spells are a little easier to cast,
                  | but a little less powerful. [Xom's mischief]
  4611 | D:4      | Gained mutation: Your body sometimes deteriorates upon
                  | taking damage. [Xom's mischief]
  4630 | D:4      | Reached skill level 3 in Dodging
  4687 | D:4      | XOM: 3-stop teleportation journey
  4914 | D:5      | Entered Level 5 of the Dungeon
  4945 | D:5      | XOM: cast spell 'Discord'
  4949 | D:5      | Reached skill level 4 in Fighting
  4949 | D:5      | Reached XP level 8. HP: 48/60 MP: 8/8
  4957 | D:5      | XOM: stat loss: -1 Str (12/13)
  5002 | D:5      | Found a basalt altar of Yredelemnul.
  5130 | D:5      | Reached skill level 4 in Dodging
  5161 | D:5      | XOM: summons 8 friendly demons
  5169 | D:5      | Reached skill level 5 in Fighting
  5243 | D:5      | XOM: divination: detect creatures
  5295 | D:5      | XOM: chaos upgrade
  5304 | D:5      | Noticed a shapeshifter
  5304 | D:5      | an orc priest changed into a shapeshifter
  5305 | D:5      | Noticed a yaktaur
  5305 | D:5      | a shapeshifter changed into a yaktaur
  5318 | D:5      | XOM: cleaving
  5320 | D:5      | HP: 1/62 [yaktaur (shapeshifter)/+0 club (15)]
  5322 | D:5      | Slain by a yaktaur (shapeshifter)

Vanquished Creatures
  A centaur (D:5)
  2 ogres (D:4)
  A bullfrog (D:5)
  A scorpion (D:4)
  2 howler monkeys
  A jelly (D:4)
  2 bullfrog skeletons
  A bullfrog zombie (D:5)
  A hound (D:4)
  4 worker ants
  Robin (D:3)
  5 adders
  4 river rats (D:4)
  6 oozes
  An adder skeleton (D:4)
  6 worms
  4 dart slugs
  6 leopard geckos
  8 orcs
  10 giant cockroaches
  11 goblins
  13 hobgoblins
  4 jackals (Sewer)
  13 kobolds
  4 quokkas
  3 ball pythons (Sewer)
  20 bats
  6 frilled lizards
  11 rats
152 creatures vanquished.

Vanquished Creatures (collateral kills)
  An ogre (D:5)
  2 adders (D:4)
  An ooze (D:4)
  A worm (D:4)
  A leopard gecko (D:4)
6 creatures vanquished.

Vanquished Creatures (others)
  A fire vortex (D:3)
1 creature vanquished.

Grand Total: 159 creatures vanquished
